 Dungeon Crawl Stone Soup version 0.25.1-8-g42b30a86e7 (webtiles) character file.

Game seed: 4162250262317594545

1557 Azimut41r the Charlatan (level 8, 0/61 HPs)
             Began as a Gnoll Artificer on Dec 14, 2020.
             Succumbed to an adder's poison
             ... on level 6 of the Dungeon.
             The game lasted 00:30:41 (6656 turns).

Azimut41r the Charlatan (Gnoll Artificer)           Turns: 6656, Time: 00:30:42

Health: 0/61       AC:  9    Str: 14    XL:     8   Next: 88%
Magic:  13/13      EV: 12    Int: 16    God:
Gold:   221        SH:  0    Dex: 16    Spells: 14/14 levels left

rFire    + . .     SeeInvis .   u - +5 quarterstaff (chaos)
rCold    + . .     Gourm    .   (shield currently unavailable)
rNeg     . . .     Faith    .   B - +0 scale mail
rPois    .         Spirit   .   (no helmet)
rElec    .         Reflect  .   k - +1 cloak
rCorr    .         Harm     .   (no gloves)
MR       .....                  (no boots)
Stlth    +.........             o - amulet of regeneration
HPRegen  0.60/turn              l - ring of protection from cold
MPRegen  0.13/turn              q - ring of protection from fire

@: lethally poisoned (0 -> -1)
A: distributed training, fangs 1, strong nose
a: no special abilities


You were on level 6 of the Dungeon.
You were hungry.

You visited 1 branch of the dungeon, and saw 6 of its levels.

You collected 221 gold pieces.

Inventory:

Hand Weapons
 a - a +0 short sword
 u - a +5 quarterstaff of chaos (weapon)
 v - a +0 mace
Missiles
 f - 29 bolts
 i - 85 arrows
 s - 4 poisoned darts (quivered)
 C - 3 silver javelins
Armour
 b - a +0 leather armour
 h - a +0 leather armour
 j - a +0 kite shield
 k - a +1 cloak (worn)
 y - a +0 ring mail
 A - a +0 chain mail
 B - a +0 scale mail (worn)
Jewellery
 l - a ring of protection from cold (left hand)
 o - an amulet of regeneration (around neck)
 q - a ring of protection from fire (right hand)
 F - an uncursed amulet of magic regeneration {unknown}
Wands
 c - a wand of flame (14)
 d - a wand of enslavement (21)
 e - a wand of random effects (24)
 G - a wand of polymorph (2)
Scrolls
 m - 4 scrolls of teleportation
 n - 3 scrolls of remove curse
Potions
 g - 3 potions of lignification {unknown}
 p - a potion of brilliance {unknown}
 t - a potion of cancellation {unknown}
 w - 2 potions of heal wounds
 z - 2 potions of might
 D - a potion of stabbing {unknown}
 E - a potion of curing {unknown}
 H - a potion of degeneration {unknown}
 I - 2 potions of flight {unknown}
Comestibles
 x - 6 rations


   Skills:
 + Level 4.5 Fighting
 + Level 4.5 Short Blades
 + Level 3.6 Long Blades
 + Level 3.6 Axes
 + Level 3.6 Maces & Flails
 + Level 3.6 Polearms
 + Level 3.6 Staves
 + Level 3.6 Slings
 + Level 3.6 Bows
 + Level 3.6 Crossbows
 + Level 3.6 Throwing
 + Level 3.6 Armour
 + Level 5.9 Dodging
 + Level 4.3 Stealth
 + Level 3.6 Shields
 + Level 3.6 Unarmed Combat
 + Level 3.6 Spellcasting
 + Level 2.9 Conjurations
 + Level 2.9 Hexes
 + Level 2.9 Charms
 + Level 2.9 Summonings
 + Level 2.9 Necromancy
 + Level 2.9 Translocations
 + Level 2.9 Transmutations
 + Level 2.9 Fire Magic
 + Level 2.9 Ice Magic
 + Level 2.9 Air Magic
 + Level 2.9 Earth Magic
 + Level 2.9 Poison Magic
 + Level 4.0 Invocations
 + Level 7.5 Evocations


You had 14 spell levels left.
You didn't know any spells.
Your spell library contained the following spells:

 Spells                   Type           Power        Failure   Level  Hunger
 Beastly Appendage        Tmut           ##....       22%         1    None
 Sticks to Snakes         Tmut           ##......     32%         2    ##.....
 Spider Form              Tmut/Pois      ##........   54%         3    ###....
 Ice Form                 Ice/Tmut       ##......     91%         4    ####...
 Blade Hands              Tmut           ##........   99%         5    ######.


Dungeon Overview and Level Annotations

Branches:
Dungeon (6/15)             Temple (0/1) D:5

Altars:
Ashenzari
Elyvilon
Uskayaw
Wu Jian
Yredelemnul

Shops:
D:4 (


Innate Abilities, Weirdness & Mutations

Your experience applies equally to all skills.
You have very sharp teeth.
Your uncanny sense of smell can sniff out nearby items.


Message History

The adder bites you.
* * * LOW HITPOINT WARNING * * *
You are more poisoned.
The adder poisons you! The adder barely misses you.
You feel sick. The adder completely misses you.
You feel sick. The adder bites you but does no damage. The adder bites you.
* * * LOW HITPOINT WARNING * * *
The adder closely misses you.
You feel sick. The adder bites you but does no damage.
The adder bites you but does no damage.
You feel sick. The adder barely misses you.
You feel sick. The adder bites you but does no damage. The adder bites you.
* * * LOW HITPOINT WARNING * * *
You are lethally poisoned!
The adder poisons you! The adder bites you but does no damage.
* * * LOW HITPOINT WARNING * * *
You feel sick. The adder barely misses you.
You die...

.........##
#
##.........#
##
#....!.....#
..
...........#
.
......(....#
...........#
...........#
......S@..#
..........#
....#####.##
### #..# #
#..# # ##..#
.# ###...#
..#
###.....#
..#
##.......#


You could see an adder.

Vanquished Creatures
  A hungry ghost (D:5)
  A sky beast (D:6)
  3 phantoms
  An ogre (D:6)
  Blork the orc (D:4)
  A bullfrog (D:6)
  A scorpion (D:5)
  A howler monkey (D:5)
  A crimson imp (D:6)
  A bullfrog zombie (D:6)
  A jelly (D:5)
  2 orc priests
  A hound (D:6)
  Crazy Yiuf (D:2)
  4 orc wizards
  An iguana (D:4)
  Natasha (thrice) (D:4)
  A worker ant (D:5)
  Terence (D:2)
  A hound skeleton (D:5)
  2 worker ant zombies (D:5)
  4 adders
  4 gnolls (D:5)
  An ooze (D:2)
  2 adder skeletons (D:4)
  3 worms
  7 dart slugs
  3 leopard geckos
  11 orcs
  A ball python (D:1)
  6 giant cockroaches
  7 goblins
  8 hobgoblins
  8 jackals
  8 kobolds
  A quokka (D:5)
  9 bats
  2 frilled lizards
  A jackal zombie (D:5)
  2 leopard gecko skeletons (D:4)
  A quokka skeleton (D:5)
  A quokka zombie (D:5)
  7 rats
127 creatures vanquished.

Vanquished Creatures (collateral kills)
  3 orcs (D:3)
3 creatures vanquished.

Vanquished Creatures (others)
  A phantom (D:5)
  A jackal (D:1)
2 creatures vanquished.

Grand Total: 132 creatures vanquished

Notes
Turn   | Place    | Note
-------+----------+-------------------------------------------
     0 | D:1      | Azimut41r the Gnoll Artificer began the quest for the Orb.
     0 | D:1      | Reached XP level 1. HP: 17/17 MP: 4/4
    61 | D:1      | Reached XP level 2. HP: 23/23 MP: 6/6
   405 | D:1      | Reached XP level 3. HP: 23/28 MP: 7/7
   808 | D:1      | Reached skill level 1 in Invocations
  1413 | D:2      | Reached skill level 1 in Long Blades
  1413 | D:2      | Reached skill level 1 in Axes
  1413 | D:2      | Reached skill level 1 in Maces & Flails
  1413 | D:2      | Reached skill level 1 in Polearms
  1413 | D:2      | Reached skill level 1 in Staves
  1413 | D:2      | Reached skill level 1 in Slings
  1413 | D:2      | Reached skill level 1 in Bows
  1413 | D:2      | Reached skill level 1 in Crossbows
  1413 | D:2      | Reached skill level 1 in Throwing
  1413 | D:2      | Reached skill level 1 in Armour
  1413 | D:2      | Reached skill level 1 in Shields
  1413 | D:2      | Reached skill level 1 in Unarmed Combat
  1413 | D:2      | Reached skill level 1 in Spellcasting
  1536 | D:2      | Reached XP level 4. HP: 24/34 MP: 8/8
  1806 | D:2      | Found a runed translucent door.
  1807 | D:2      | Noticed Crazy Yiuf
  1815 | D:2      | Killed Crazy Yiuf
  1815 | D:2      | Reached skill level 1 in Conjurations
  1815 | D:2      | Reached skill level 1 in Hexes
  1815 | D:2      | Reached skill level 1 in Charms
  1815 | D:2      | Reached skill level 1 in Summonings
  1815 | D:2      | Reached skill level 1 in Necromancy
  1815 | D:2      | Reached skill level 1 in Translocations
  1815 | D:2      | Reached skill level 1 in Transmutations
  1815 | D:2      | Reached skill level 1 in Fire Magic
  1815 | D:2      | Reached skill level 1 in Ice Magic
  1815 | D:2      | Reached skill level 1 in Air Magic
  1815 | D:2      | Reached skill level 1 in Earth Magic
  1815 | D:2      | Reached skill level 1 in Poison Magic
  2226 | D:2      | Found a white marble altar of Elyvilon.
  2230 | D:2      | Noticed Terence
  2270 | D:2      | Killed Terence
  2270 | D:2      | Reached XP level 5. HP: 26/40 MP: 8/10
  2958 | D:3      | Found a basalt altar of Yredelemnul.
  3140 | D:3      | Found an ornate altar of the Wu Jian Council.
  3204 | D:3      | Noticed a phantom
  3231 | D:3      | Killed a phantom
  3231 | D:3      | Reached XP level 6. HP: 17/47 MP: 11/11
  3980 | D:4      | Noticed Natasha
  4036 | D:4      | Found Wipoveopt's Antique Weapon Shop.
  4086 | D:4      | Reached skill level 5 in Dodging
  4217 | D:4      | Killed Natasha
  4421 | D:4      | Noticed Natasha
  4432 | D:4      | Killed Natasha
  4451 | D:4      | Noticed Blork the orc
  4478 | D:4      | Killed Blork the orc
  4478 | D:4      | Reached XP level 7. HP: 28/52 MP: 12/12
  4672 | D:4      | Reached skill level 7 in Evocations
  4686 | D:4      | Found a shattered altar of Ashenzari.
  4703 | D:4      | Noticed Natasha
  4736 | D:4      | Killed Natasha
  5088 | D:5      | Entered Level 5 of the Dungeon
  5329 | D:5      | Reached XP level 8. HP: 28/60 MP: 13/13
  5450 | D:5      | Found a staircase to the Ecumenical Temple.
  5859 | D:5      | Noticed a +0 hand axe
  5860 | D:5      | Found a hide-covered altar of Uskayaw.
  5860 | D:5      | Noticed a +0 hand axe
  6646 | D:6      | HP: 3/61 [adder (1)]
  6652 | D:6      | HP: 2/61 [poisoned by an adder]
  6656 | D:6      | Succumbed to an adder's poison

Illustrated notes

Levels and vault maps discovered:
D:1:      mrwooster_arrival_statue, layout_basic, nrook_mini_vaults,
          skrybe_limestone_x
D:2:      layout_basic, elyvilon_altar_5, uniq_crazy_yiuf_cottage, uniq_terence
D:3:      cheibrodos_pilgrimage, layout_rooms, lemuel_crystal_altar,
          lemuel_crystal_altar
D:4:      layout_cave_pools, first_ration, serial_shops, nicolae_shop_stone,
          cheibrodos_ashenzari_chains, uniq_natasha, uniq_blork_the_orc
D:5:      layout_gridville, dancing_weapons_uskayaw, minmay_temple_entry_arrows
D:6:      layout_cave_pods, lemuel_coloured_pillars_altar

Skill      XL: |  1  2  3  4  5  6  7  8 |
---------------+-------------------------+-----
Invocations    | 1 2 3 4 |  4.0
Long Blades    | 1 2 3 |  3.6
Axes           | 1 2 3 |  3.6
Maces & Flails | 1 2 3 |  3.6
Polearms       | 1 2 3 |  3.6
Staves         | 1 2 3 |  3.6
Slings         | 1 2 3 |  3.6
Bows           | 1 2 3 |  3.6
Crossbows      | 1 2 3 |  3.6
Throwing       | 1 2 3 |  3.6
Armour         | 1 2 3 |  3.6
Shields        | 1 2 3 |  3.6
Unarmed Combat | 1 2 3 |  3.6
Spellcasting   | 1 2 3 |  3.6
Conjurations   | 1 2 |  2.9
Hexes          | 1 2 |  2.9
Charms         | 1 2 |  2.9
Summonings     | 1 2 |  2.9
Necromancy     | 1 2 |  2.9
Translocations | 1 2 |  2.9
Transmutations | 1 2 |  2.9
Fire Magic     | 1 2 |  2.9
Ice Magic      | 1 2 |  2.9
Air Magic      | 1 2 |  2.9
Earth Magic    | 1 2 |  2.9
Poison Magic   | 1 2 |  2.9
Fighting       | 3 4 |  4.5
Short Blades   | 3 4 |  4.5
Stealth        | 3 4 |  4.3
Dodging        | 5 |  5.9
Evocations     | 7 |  7.5

Action                   |  1- 3 |  4- 6 |  7- 9 || total
-------------------------+-------+-------+-------++-------
Melee: Short sword       |   171 |    10 |       ||   181
       Bite              |    14 |     7 |     7 ||    28
       Quarterstaff      |       |   122 |   102 ||   224
Throw: Boomerang         |       |    27 |       ||    27
       Dart              |       |    14 |    45 ||    59
       Javelin           |       |     1 |    20 ||    21
Evoke: Wand              |     1 |     9 |     4 ||    14
  Use: Scroll            |     1 |       |     6 ||     7
 Stab: Sleeping          |     2 |     1 |     1 ||     4
       Distracted        |     1 |     1 |       ||     2
       Paralysed         |       |       |     1 ||     1
  Eat: Chunk             |     2 |     6 |     8 ||    16
       Ration            |       |     1 |       ||     1
Armor: Leather armour    |    33 |    10 |       ||    43
       Ring mail         |       |    14 |       ||    14
       Scale mail        |       |    23 |    94 ||   117
Dodge: Dodged            |    92 |   120 |   138 ||   350
Block: Kite shield       |    45 |     3 |       ||    48
